 Dungeon Crawl Stone Soup version 0.21-a0-531-gacddea6 (webtiles) character file.

175 slep the Chopper (level 5, 0/27 HPs)
             Began as a Vine Stalker Gladiator on Dec 13, 2017.
             Slain by slep's ghost (9 damage)
             ... on level 3 of the Dungeon.
             The game lasted 00:07:09 (1819 turns).

slep the Chopper (Vine Stalker Gladiator)           Turns: 1819, Time: 00:07:10

Health: 0/27       AC:  4    Str: 16 (17) XL:     5   Next: 55%
Magic:  0/6        EV: 13    Int:  5 (8)  God:
Gold:   121        SH:  0    Dex: 15 (16) Spells: 4/4 levels left

rFire    + . .     SeeInvis .   a - +0 war axe
rCold    + . .     Gourm    .   (no shield)
rNeg     . . .     Faith    .   b - +0 leather armour
rPois    +         Spirit   +   c - +0 helmet
rElec    +         Reflect  .   (no cloak)
rCorr    +         Harm     .   (no gloves)
MR       +....                  (no boots)
Stlth    +.........             (no amulet)
HPRegen  0.49/turn              j - ring of protection from magic
MPRegen  0.10/turn              s - ring of loudness (curse)

@: resistant
A: fangs 2, regeneration 1, magic shield, antimagic bite, no potion heal 3, rot
immunity
a: no special abilities


You were on level 3 of the Dungeon.
You were not hungry.

You visited 1 branch of the dungeon, and saw 3 of its levels.

You collected 121 gold pieces.

Inventory:

Hand Weapons
 a - a +0 war axe (weapon)
Missiles
 d - 3 throwing nets (quivered)
Armour
 b - a +0 leather armour (worn)
 c - a +0 helmet (worn)
 o - a +3 chain mail
 t - a +0 shield
Jewellery
 j - a ring of protection from magic (left hand)
 s - a cursed ring of loudness (right hand)
Wands
 p - a wand of polymorph (11)
Scrolls
 i - 3 scrolls of enchant armour {unknown}
 l - a scroll of teleportation {unknown}
 n - 2 scrolls of immolation {unknown}
 r - a scroll of remove curse {unknown}
Potions
 e - 2 potions of degeneration
 g - 2 potions of curing
 k - a potion of resistance
Comestibles
 f - a bread ration
 h - 7 fruits
 m - 2 meat rations
 q - a royal jelly


   Skills:
 + Level 2.6 Fighting
 + Level 4.1 Axes
 + Level 1.8 Throwing
 + Level 1.4 Armour
 + Level 3.0 Dodging
 + Level 1.2 Stealth


You had 4 spell levels left.
You didn't know any spells.

Dungeon Overview and Level Annotations

Branches:
Dungeon (3/15)

Altars:
Kikubaaqudgha
Nemelex Xobeh

Annotations:
D:2 2 transporters
D:3 slep's ghost, amateur VSGl


Innate Abilities, Weirdness & Mutations

You have extremely sharp teeth.
Your natural rate of healing is unusually fast.
When hurt, damage is shared between your health and your magic reserves.
Your bite disrupts and absorbs the magic of your enemies.
Potions cannot restore your health.
You are immune to rotting.


Message History

Put on which piece of jewellery? (? for menu, Esc to quit)
Oops, that ring feels deathly cold.
s - a cursed ring of loudness (right hand)
You see here a quokka corpse.
It was a potion of degeneration.
There was something very wrong with that liquid.
You feel weakened.
You feel dopey.
You feel clumsy.
It was a potion of curing.
That felt strangely inert.
It was a potion of resistance.
You feel protected. Slep's ghost hits you!
Ouch! That really hurt!
You closely miss slep's ghost. Slep's ghost closely misses you.
Slep's ghost misses you.
You closely miss slep's ghost. Your bite misses slep's ghost.
Slep's ghost hits you!
* * * LOW HITPOINT WARNING * * *
You barely miss slep's ghost. Your bite misses slep's ghost.
Slep's ghost hits you!
You die...

.#####.# #.# #.
#.#######.# #.W.....#.#
#######.#.# #.#.#
######.#.##
#...†.....#######
#.####W#........# #.#
#@#.######.# #.# #.#.#
#.# #.# #.#.# #.# #.#
#.#.# #.# #####.## #.#.#
####.##
####......#########..<..#
#.........#....(..####..#
# #.##.###..#8.....8#
#..# ####.##.#
#..#.......# #..#


You could see slep's ghost.

Vanquished Creatures
  A centaur skeleton (D:3)
  Ijyb (D:3)
  3 adders
  2 worms
  4 leopard geckos
  6 orcs (D:3)
  5 bats
  3 giant cockroaches
  14 goblins
  6 hobgoblins
  8 jackals
  6 kobolds
  A quokka (D:3)
  A ball python (D:2)
  4 frilled lizards
  6 rats
71 creatures vanquished.

Notes
Turn   | Place    | Note
-------+----------+-------------------------------------------
     0 | D:1      | slep the Vine Stalker Gladiator began the quest for the Orb.
     0 | D:1      | Reached XP level 1. HP: 11/11 MP: 2/2
   112 | D:1      | Reached skill level 3 in Axes
   126 | D:1      | Reached XP level 2. HP: 12/15 MP: 3/3
   587 | D:1      | Reached XP level 3. HP: 17/18 MP: 4/4
  1079 | D:2      | Found a faded altar of an unknown god.
  1110 | D:2      | Gained mutation: Your natural rate of healing is unusually fast. [Vine Stalker growth]
  1110 | D:2      | Reached XP level 4. HP: 17/23 MP: 5/5
  1129 | D:2      | Found a sparkling altar of Nemelex Xobeh.
  1130 | D:2      | Found a transporter.
  1131 | D:2      | Noticed a big kobold
  1182 | D:2      | Found a transporter.
  1437 | D:2      | Reached skill level 1 in Armour
  1505 | D:3      | Noticed Ijyb
  1514 | D:3      | Killed Ijyb
  1514 | D:3      | Reached skill level 1 in Stealth
  1534 | D:3      | Reached XP level 5. HP: 18/27 MP: 6/6
  1537 | D:3      | Found an ancient bone altar of Kikubaaqudgha.
  1619 | D:3      | Reached skill level 4 in Axes
  1788 | D:3      | Noticed slep's ghost (amateur VSGl)
  1819 | D:3      | Slain by slep's ghost

Vault maps used:
D:1:      matt_arrival_diagonals
D:2:      gammafunk_temple_overflow_arena, chequers_ecumenical_altar_simple,
          kennysheep_generic_room_12
D:3:      kennysheep_the_goblin_king, lemuel_zombie_altar_yredelemnul,
          kiku_gazebo_garden_becter, uniq_ijyb

Skill      XL: |  1  2  3  4  5 |
---------------+----------------+-----
Axes           | 3 4 |  4.1
Fighting       | 2 |  2.6
Armour         | 1 |  1.4
Stealth        | 1 |  1.2
Dodging        | 3 |  3.0
Throwing       | |  1.8

Action                   |  1- 3 |  4- 6 || total
-------------------------+-------+-------++-------
Melee: War axe           |    81 |   104 ||   185
       Bite              |    12 |    33 ||    45
  Use: Potion            |       |     3 ||     3
 Stab: Sleeping          |     2 |     1 ||     3
  Eat: Chunk             |     1 |     2 ||     3
Armor: Leather armour    |    30 |    28 ||    58
Dodge: Dodged            |    77 |    91 ||   168

Table legend:
 A = Spawn XP
 B = Non-spawn XP
 C = Spawn XP percentage of total XP
 D = Spawn monster count
 E = Non-spawn monster count
 F = Spawn count percentage of total count
 G = Total turns spent on level
                    A         B        C        D         E        F      G
               +---------+---------+-------+---------+---------+-------+---------
         Total |       0 |     251 |   0.0 |       0 |      71 |   0.0 |  1819
               +---------+---------+-------+---------+---------+-------+---------
           D:1 |       0 |      35 |   0.0 |       0 |      20 |   0.0 |   797
           D:2 |       0 |      68 |   0.0 |       0 |      24 |   0.0 |   708
           D:3 |       0 |     148 |   0.0 |       0 |      27 |   0.0 |   314
               +---------+---------+-------+---------+---------+-------+---------
